 Dungeon Crawl Stone Soup version 0.30-a0-916-g9813417 (webtiles) character file.

Game seed: 9747280850075308591

1636 Think the Nimble (level 8, -2/46 HPs)
             Began as an Octopode Conjurer on Mar 26, 2023.
             Was an Initiate of Vehumet.
             Killed from afar by a steam dragon (14 damage)
             ... with a ball of steam
             ... on level 7 of the Dungeon.
             The game lasted 00:43:42 (7722 turns).

Think the Nimble (Octopode Conjurer)                Turns: 7722, Time: 00:43:42

Health: -2/46      AC:  5    Str:  6    XL:     8   Next: 98%
Magic:  5/11       EV: 16    Int: 23    God:    Vehumet [......]
Gold:   862        SH:  0    Dex: 13    Spells: 1/11 levels left

rFire   . . .      SeeInvis .    d - +2 dagger (vamp)
rCold   . . .      Faith    .    (no shield)
rNeg    . . .      Spirit   .    p - +0 hat {Int+3}
rPois   .          Reflect  .    y - amulet of regeneration
rElec   .          Rampage  .    k - +4 ring of protection
rCorr   .                        (no ring)
Will    .....                    (no ring)
Stlth   +++                      (no ring)
HPRegen 1.07/turn                (no ring)
MPRegen 0.12/turn                (no ring)
                                 (no ring)
                                 (no ring)

@: no status effects
A: almost no armour, amphibious, 8 rings, camouflage 1, gelatinous body 1,
(nimble swimmer 1), tentacles
a: Renounce Religion


You were on level 7 of the Dungeon.
You worshipped Vehumet.
Vehumet was noncommittal.
You visited 2 branches of the dungeon, and saw 8 of its levels.

You collected 862 gold pieces.

Inventory:

Hand Weapons
 d - a +2 vampiric dagger (weapon)
Missiles
 j - 6 atropa-tipped darts
 r - 2 throwing nets
Armour
 p - a +0 hat of intelligence (worn)
Jewellery
 k - a +4 ring of protection (left tentacle)
 y - an amulet of regeneration (around mantle)
Wands
 s - a wand of mindburst (18)
 x - a wand of polymorph (11)
Scrolls
 c - 2 scrolls of amnesia
 g - a scroll of immolation {unknown}
 i - 2 scrolls of fear {unknown}
 m - 5 scrolls of teleportation {unknown}
 o - a scroll of torment {unknown}
 q - a scroll of magic mapping {unknown}
 t - a scroll of summoning {unknown}
 u - 3 scrolls of identify {unknown}
 w - a scroll of poison {unknown}
 z - a scroll of acquirement
Potions
 a - a potion of magic
 b - a potion of might
 e - a potion of brilliance
 f - a potion of attraction {unknown}
 h - a potion of flight {unknown}
 l - 2 potions of lignification {unknown}
 v - a potion of cancellation {unknown}
 A - a potion of heal wounds {unknown}


   Skills:
 - Level 8.0 Dodging
 - Level 4.0 Stealth
 - Level 2.0 Spellcasting
 + Level 7.2 Conjurations
 + Level 4.4 Translocations
 + Level 0.0 Transmutations


You had one spell level left.
You knew the following spells:

 Your Spells              Type           Power      Damage    Failure   Level
a - Magic Dart            Conj           100%       1d8       1%          1
b - Searing Ray           Conj           70%        2d7       1%          2
c - Iskenderun's Mystic   Conj/Tloc      29%        2d7       12%         4
d - Spider Form           Tmut/Pois      2%         N/A       36%         3

Your spell library contained the following spells:

 Spells                   Type           Power      Damage    Failure   Level
 Shock                    Conj/Air       72%        1d7       3%          1
 Beastly Appendage        Tmut           4%         N/A       13%         1
 Sandblast                Erth           4%         2d4       13%         1
 Gell's Gravitas          Tloc           22%        N/A       6%          3
 Teleport Other           Tloc           22%        N/A       6%          3
 Dazzling Flash           Conj/Hex       36%        N/A       9%          3
 Stone Arrow              Conj/Erth      36%        3d9       9%          3
 Mephitic Cloud           Conj/Pois/Air  13%        N/A       14%         3
 Cigotuvi's Dreadful Rot  Necr/Pois/Air  4%         N/A       19%         2
 Passwall                 Tmut/Erth      1%         N/A       19%         2
 Poisonous Vapours        Pois/Air       4%         N/A       19%         2
 Wereblood                Tmut           2%         N/A       19%         2
 Fulminant Prism          Conj/Hex       9%         3d7       28%         4
 Swiftness                Air            2%         N/A       36%         3
 Airstrike                Air            1%         2d(1-17)  77%         4
 Dispersal                Tloc           11%        N/A       97%         6


Dungeon Overview and Level Annotations

Branches:
Dungeon (7/15)             Temple (1/1) D:7

Altars:
Ashenzari
Elyvilon
Fedhas
Gozag
Kikubaaqudgha
Okawaru
Qazlal
Ru
Sif Muna
Trog
Uskayaw
Vehumet
Wu Jian
Zin

Shops:
D:7 :


Innate Abilities, Weirdness & Mutations

You cannot wear most types of armour.
You are amphibious.
You can wear up to eight rings at the same time.
Your skin changes colour to match your surroundings (Stealth+).
Your rubbery body absorbs attacks. (AC +1, EV +1)
((You are camouflaged when in or above water. (Stealth+)))
You have tentacles for arms and can constrict up to eight enemies at once.


Message History

The steam dragon hisses angrily.
Casting: Magic Dart (safe; 1% risk of failure)
Confirm with . or Enter, or press ? or * to list all spells.
Aiming: Searing Ray (safe; 1% risk of failure)
Press: ? - help, Shift-Dir - straight line, f/p - steam dragon
Aim: a steam dragon (moderately wounded, 81% to hit)
The searing ray misses the steam dragon. (Press . to maintain the ray.)
The searing ray hits the steam dragon!
The steam dragon is heavily wounded.
The steam dragon breathes steam at you. The ball of steam hits you!
The searing ray hits the steam dragon!
The steam dragon is almost dead.
You are engulfed in a cloud of scalding steam.
The searing ray hits the steam dragon.
The steam dragon is almost dead.
You finish channelling your searing ray.
You are engulfed in a cloud of scalding steam.
The steam dragon bites you. The steam dragon claws you.
* * * LOW HITPOINT WARNING * * *
You feel better. The steam dragon closely misses you. x2
Casting: Searing Ray (safe; 1% risk of failure)
Confirm with . or Enter, or press ? or * to list all spells.
Aiming: Magic Dart (safe; 1% risk of failure)
Press: ? - help, Shift-Dir - straight line, f/p - steam dragon
Aim: a steam dragon (almost dead, 100% to hit)
The magic dart hits the steam dragon but does no damage.
The steam dragon is almost dead.
The steam dragon breathes steam at you. The ball of steam hits you!
* * * LOW HITPOINT WARNING * * *
A jelly comes into view.
The steam dragon closely misses you.
The steam dragon claws you but does no damage.
You hit the steam dragon but do no damage.
The steam dragon is almost dead.
The steam dragon breathes steam at you. The ball of steam hits you!
You die...

##.#### #.# #.#
#.# .#.. #.#
#.#.. #.# ....
####.###### ..#
####...D§§§..#
..
.......@§§§..# #
.........§.§....
#
................
#
.......#####....
# .J#.... ....
## ..##### ###
.## ..# #...#


You could see a steam dragon (catching breath) and a jelly.

Vanquished Creatures
  Eustachio (D:6)
  A steam dragon (D:7)
  A water moccasin (D:5)
  Duvessa (D:7)
  An ogre (D:6)
  2 centaurs
  A phantom (D:6)
  A kobold brigand (D:6)
  A bullfrog (D:6)
  A scorpion (D:6)
  Dowan (D:7)
  A jelly (D:5)
  3 hounds
  2 orc wizards
  Natasha (D:2)
  6 iguanas
  5 adders
  7 gnolls
  A shadow imp (D:6)
  A white imp (D:6)
  A worm (D:2)
  4 dart slugs
  23 orcs
  5 endoplasms
  4 giant cockroaches
  6 goblins
  10 hobgoblins
  3 jackals (D:4)
  5 quokkas
  8 ball pythons
  3 bats
  4 frilled lizards
  11 kobolds
  4 rats
130 creatures vanquished.

Vanquished Creatures (others)
  A human (D:6)
  13 plants (D:6)
14 creatures vanquished.

Grand Total: 144 creatures vanquished

Notes
Turn   | Place    | Note
-------+----------+-------------------------------------------
     0 | D:1      | Think the Octopode Conjurer began the quest for the Orb.
     0 | D:1      | Reached XP level 1. HP: 11/11 MP: 3/3
   144 | D:1      | Reached XP level 2. HP: 17/17 MP: 3/5
   310 | D:1      | Reached skill level 3 in Dodging
   627 | D:1      | Learned a level 2 spell: Searing Ray
   637 | D:1      | Reached XP level 3. HP: 21/21 MP: 1/6
  1551 | D:2      | Reached skill level 4 in Dodging
  1629 | D:2      | Reached XP level 4. HP: 27/27 MP: 0/7
  1866 | D:2      | You fall into a shaft and drop 2 floors!
  1887 | D:4      | Found a white marble altar of Elyvilon.
  2422 | D:3      | Found a faded altar of an unknown god.
  2446 | D:3      | Found a sacrificial altar of Ru.
  2706 | D:3      | Reached skill level 5 in Dodging
  2800 | D:3      | Reached XP level 5. HP: 31/31 MP: 6/8
  2984 | D:3      | Found a glowing silver altar of Zin.
  2984 | D:3      | Noticed an angel
  3037 | D:3      | Identified a scroll of acquirement
  3037 | D:3      | Acquired a +0 hat of intelligence
  3240 | D:2      | Noticed Natasha
  3247 | D:2      | Killed Natasha
  3330 | D:2      | Found a faded altar of an unknown god.
  4111 | D:4      | Found an ornate altar of the Wu Jian Council.
  4226 | D:4      | Reached skill level 6 in Dodging
  4239 | D:4      | Reached XP level 6. HP: 36/36 MP: 0/9
  4412 | D:4      | Found a hide-covered altar of Uskayaw.
  4615 | D:5      | Entered Level 5 of the Dungeon
  4868 | D:5      | Reached skill level 7 in Dodging
  4914 | D:5      | Noticed a water moccasin
  4919 | D:5      | Killed a water moccasin
  4920 | D:5      | Reached XP level 7. HP: 33/41 MP: 3/10
  5197 | D:5      | Found a blossoming altar of Fedhas.
  5564 | D:6      | Reached skill level 8 in Dodging
  5644 | D:6      | Noticed Eustachio
  5659 | D:6      | Killed Eustachio
  5660 | D:6      | Reached skill level 5 in Conjurations
  5746 | D:6      | Found an ancient bone altar of Kikubaaqudgha.
  5750 | D:6      | Noticed a human
  5753 | D:6      | Killed a human
  5767 | D:6      | Reached XP level 8. HP: 27/46 MP: 5/11
  5899 | D:6      | Learned a level 4 spell: Iskenderun's Mystic Blast
  6083 | D:6      | Reached skill level 1 in Translocations
  7193 | D:7      | Noticed Duvessa
  7193 | D:7      | Noticed Dowan
  7202 | D:7      | Killed Dowan
  7208 | D:7      | Killed Duvessa
  7296 | D:7      | Acquired 542 gold pieces
  7393 | D:7      | Found Abajobomot's Book Boutique.
  7448 | D:7      | Learned a level 3 spell: Spider Form
  7644 | D:7      | Found a staircase to the Ecumenical Temple.
  7662 | Temple   | Entered the Ecumenical Temple
  7687 | Temple   | Became a worshipper of Vehumet
  7722 | D:7      | Killed from afar by a steam dragon

Illustrated notes

Levels and vault maps discovered:
D:1:      minmay_arrival_arboretum_large, layout_loops_ring
D:2:      layout_basic, shapermc_ecumenical_altar_petra, uniq_natasha
D:3:      layout_basic, nicolae_overflow_ecumenical_swirl, zin_angel
D:4:      layout_cave_pools, mainiacjoe_overflow_surrounded_room,
          mainiacjoe_overflow_catch_the_wave, minmay_splitting_lines
D:5:      layout_layer_cave, mainiacjoe_overflow_catwalk
D:6:      layout_loops_ring, tgw_kikubaaqudgha, lexackson_kobold_supper,
          uniq_eustachio
D:7:      layout_basic, minmay_temple_entry_offerings, serial_shops,
          nicolae_shop_stone, uniq_duvessa
Temple:   nicolae_temple_great_sept

Skill      XL: |  1  2  3  4  5  6  7  8 |
---------------+-------------------------+-----
Dodging        | 3 4 5 6 7 8 |  8.0
Conjurations   | 5 7 |  7.2
Stealth        | 4 |  4.0
Translocations | 4 |  4.4
Spellcasting   | |  2.0

Action                     |  1- 3 |  4- 6 |  7- 9 || total
---------------------------+-------+-------+-------++-------
  Melee: Unarmed           |    11 |       |       ||    11
         Constrict         |     7 |     2 |     8 ||    17
         Tentacles         |     7 |       |    12 ||    19
         Dagger            |     7 |    10 |    34 ||    51
         Punch             |       |       |     1 ||     1
   Cast: Magic Dart        |    53 |    89 |    54 ||   196
         Searing Ray       |     2 |    21 |    32 ||    55
    Use: Potion            |       |     2 |     4 ||     6
         Scroll            |       |     1 |     3 ||     4
   Stab: Sleeping          |     1 |       |       ||     1
 Armour: Skin              |       |     3 |    16 ||    19
  Dodge: Dodged            |     8 |    22 |    69 ||    99

Table legend: (Time is in decaauts)
 A = Elapsed time spent in this place.
 B = Non-inter-level travel time spent in this place.
 C = Inter-level travel time spent in this place.
 D = Time resting spent in this place.
 E = Time spent auto-exploring this place.
 F = Levels seen in this place.
 G = Mean time per level.
                   A        B        C        D        E       F      G
               +--------+--------+--------+--------+--------+-----+--------+
         Total |   7724 |   7523 |    201 |   1377 |   5135 |   8 |  965.5 |
       Dungeon |   7688 |   7497 |    191 |   1377 |   5115 |   7 | 1098.3 |
        Temple |     35 |     25 |     10 |      0 |     20 |   1 |   35.0 |
               +--------+--------+--------+--------+--------+-----+--------+

Top non-repeatable levels by time:
     D:6: 1660 daAuts
     D:2: 1314 daAuts
     D:3: 1272 daAuts
     D:4: 1061 daAuts
     D:1: 968 daAuts
     D:7: 749 daAuts
     D:5: 662 daAuts
  Temple: 35 daAuts
